TOP OF THE 1ST |
Birmingham Steeldogs batting - Pitching for Baffin Island Beavers : RHP Jesse Little
|
Pitching: RHP Jesse Little
|
|
Batting: RHB Nick Webb
|
0-0: Called Strike 0-1: Ball 1-1: Foul Ball, location: 2F 1-2: Foul Ball, location: 2F 1-2: Fly out, F2 (Popup, 23)
|
Batting: LHB Ashley Pickhills
|
0-0: Ball 1-0: Called Strike 1-1: Ball 2-1: SINGLE (Line Drive, 78S)
|
Batting: RHB Carlos García
|
0-0: Called Strike 0-1: Called Strike 0-2: Strikes out swinging
|
Batting: RHB Valentín Borges
|
0-0: Called Strike Ashley Pickhills steals 2nd base 0-1: Called Strike 0-2: Ball 1-2: Ball 2-2: Ball 3-2: Foul Ball, location: 2F 3-2: Strikes out swinging
|
Top of the 1st over - 0 run(s), 1 hit(s), 0 error(s), 1 left on base; Birmingham 0 - Baffin Island 0 |
BOTTOM OF THE 1ST |
Baffin Island Beavers batting - Pitching for Birmingham Steeldogs : RHP Mark Anderson
|
Pitching: RHP Mark Anderson
|
|
Batting: LHB Chris Bates
|
0-0: Ball 1-0: Ball 2-0: Ball 3-0: Base on Balls
|
Batting: SHB Alonso Ferreira
|
0-0: Fly out, F3 (Popup, 3S)
|
Batting: LHB Mario García
|
0-0: Ball 1-0: Called Strike 1-1: Ball 2-1: Ball 3-1: Base on Balls Chris Bates to second
|
Batting: RHB Tony Morton
|
0-0: Called Strike 0-1: Ball 1-1: Grounds into double play, 6-4-3 (Groundball, 6)
|
Bottom of the 1st over - 0 run(s), 0 hit(s), 0 error(s), 1 left on base; Birmingham 0 - Baffin Island 0 |
TOP OF THE 2ND |
Birmingham Steeldogs batting - Pitching for Baffin Island Beavers : RHP Jesse Little
|
Batting: LHB José Hernández
|
0-0: Called Strike 0-1: Swinging Strike 0-2: Foul Ball, location: 2F 0-2: Foul Ball, location: 2F 0-2: Ball 1-2: Strikes out swinging
|
Batting: RHB Sixto Vélez
|
0-0: Ball 1-0: Ball 2-0: Ball 3-0: Called Strike 3-1: Ground out 4-3 (Groundball, 4M)
|
Batting: LHB José Martínez
|
0-0: Ball 1-0: Ball 2-0: Ball 3-0: Called Strike 3-1: SOLO HOME RUN (Flyball, 9D), Distance : 439 ft
|
Batting: LHB José Rivera
|
0-0: Ball 1-0: Called Strike 1-1: Fly out, F9 (Flyball, 9S)
|
Top of the 2nd over - 1 run(s), 1 hit(s), 0 error(s), 0 left on base; Birmingham 1 - Baffin Island 0 |
BOTTOM OF THE 2ND |
Baffin Island Beavers batting - Pitching for Birmingham Steeldogs : RHP Mark Anderson
|
Batting: LHB Lorenzo Villa
|
0-0: Foul Ball, location: 2F 0-1: Foul Ball, location: 2F 0-2: Ball 1-2: Ball 2-2: Fly out, F5 (Flyball, 5D)
|
Batting: RHB Dave Craig
|
0-0: Ball 1-0: Called Strike 1-1: Foul Ball, location: 2F 1-2: Foul Ball, location: 2F 1-2: Ball 2-2: Fly out, F9 (Line Drive, 9)
|
Batting: LHB Norberto Muñóz
|
0-0: Ball 1-0: Called Strike 1-1: Foul Ball, location: 2F 1-2: Ball 2-2: Foul Ball, location: 2F 2-2: Ground out 1-3 (Groundball, 13)
|
Bottom of the 2nd over - 0 run(s), 0 hit(s), 0 error(s), 0 left on base; Birmingham 1 - Baffin Island 0 |
TOP OF THE 3RD |
Birmingham Steeldogs batting - Pitching for Baffin Island Beavers : RHP Jesse Little
|
Batting: LHB John Haney
|
0-0: Foul Ball, location: 2F 0-1: Swinging Strike 0-2: Foul Ball, location: 2F 0-2: Ball 1-2: Foul Ball, location: 2F 1-2: Strikes out swinging
|
Batting: RHB Nick Webb
|
0-0: Swinging Strike 0-1: Foul Ball, location: 2F 0-2: Ball 1-2: Strikes out looking
|
Batting: LHB Ashley Pickhills
|
0-0: Ball 1-0: Ball 2-0: SINGLE (Line Drive, 6M)
|
Batting: RHB Carlos García
|
0-0: Called Strike 0-1: Foul Ball, location: 2F 0-2: Ball 1-2: Foul Ball, location: 2F 1-2: Ball Ashley Pickhills steals 2nd base 2-2: Foul Ball, location: 2F 2-2: Reached on error, E4 (Groundball, 4) Ashley Pickhills scores
|
Batting: RHB Valentín Borges
|
0-0: Ball 1-0: Ball 2-0: Foul Ball, location: 2F 2-1: Foul Ball, location: 2F 2-2: Ball 3-2: Base on Balls
|
Batting: LHB José Hernández
|
0-0: Ball 1-0: Ball 2-0: Fly out, F3 (Popup, 3)
|
Top of the 3rd over - 1 run(s), 1 hit(s), 1 error(s), 2 left on base; Birmingham 2 - Baffin Island 0 |
BOTTOM OF THE 3RD |
Baffin Island Beavers batting - Pitching for Birmingham Steeldogs : RHP Mark Anderson
|
Batting: RHB Mario López
|
0-0: Foul Ball, location: 2F 0-1: Called Strike 0-2: SINGLE (Line Drive, 7S)
|
Batting: LHB Mike MacFadden
|
0-0: Swinging Strike 0-1: Ball 1-1: Called Strike 1-2: Strikes out swinging
|
Batting: LHB Chris Bates
|
0-0: Foul Ball, location: 2F 0-1: Ball 1-1: Ball 2-1: Ball 3-1: SINGLE (Line Drive, 56D) Mario López to second
|
Batting: SHB Alonso Ferreira
|
0-0: SINGLE (Groundball, 34D) Mario López to third Chris Bates to second Runner from 3rd tries for Home, SAFE, throw made home
|
Batting: LHB Mario García
|
0-0: Called Strike 0-1: Foul Ball, location: 2F 0-2: Ball 1-2: Ball 2-2: SINGLE (Groundball, 34S) (infield hit) Chris Bates to third Alonso Ferreira to second
|
Pinch Runner at 1st Raúl Soto:
|
|
Batting: RHB Tony Morton
|
0-0: Called Strike 0-1: Ball 1-1: Fielders Choice at 2nd, 6-4 (Groundball, 56) Chris Bates scores Alonso Ferreira to third
|
Batting: LHB Lorenzo Villa
|
0-0: Fly out, F8 (Flyball, 8RXD)
|
Bottom of the 3rd over - 2 run(s), 4 hit(s), 0 error(s), 2 left on base; Birmingham 2 - Baffin Island 2 |
TOP OF THE 4TH |
Birmingham Steeldogs batting - Pitching for Baffin Island Beavers : RHP Jesse Little
|
Now in RF: Raúl Soto
|
|
Batting: RHB Sixto Vélez
|
0-0: Foul Ball, location: 2F 0-1: Fly out, F8 (Flyball, 8RS)
|
Batting: LHB José Martínez
|
0-0: Ball 1-0: Ball 2-0: Ball 3-0: Base on Balls
|
Batting: LHB José Rivera
|
0-0: Ball 1-0: Ball 2-0: Ball 3-0: Called Strike 3-1: Called Strike 3-2: Strikes out looking
|
Batting: LHB John Haney
|
0-0: Fielders Choice at 2nd, U4 (Groundball, 4M)
|
Top of the 4th over - 0 run(s), 0 hit(s), 0 error(s), 1 left on base; Birmingham 2 - Baffin Island 2 |
BOTTOM OF THE 4TH |
Baffin Island Beavers batting - Pitching for Birmingham Steeldogs : RHP Mark Anderson
|
Batting: RHB Dave Craig
|
0-0: Ball 1-0: Ball 2-0: Called Strike 2-1: Ball 3-1: Called Strike 3-2: SOLO HOME RUN (Flyball, 7D), Distance : 422 ft
|
Batting: LHB Norberto Muñóz
|
0-0: Bunted foul 0-1: Foul Ball, location: 2F 0-2: Foul Ball, location: 2F 0-2: Ball 1-2: Ball 2-2: Ground out U3 (Groundball, 34S)
|
Batting: RHB Mario López
|
0-0: Ball 1-0: Ground out 6-3 (Groundball, 6M)
|
Batting: LHB Mike MacFadden
|
0-0: Hit by Pitch
|
Batting: LHB Chris Bates
|
0-0: Fly out, F4 (Popup, 34D)
|
Bottom of the 4th over - 1 run(s), 1 hit(s), 0 error(s), 1 left on base; Birmingham 2 - Baffin Island 3 |
TOP OF THE 5TH |
Birmingham Steeldogs batting - Pitching for Baffin Island Beavers : RHP Jesse Little
|
Batting: RHB Nick Webb
|
0-0: Swinging Strike 0-1: Ground out 4-3 (Groundball, 4)
|
Batting: LHB Ashley Pickhills
|
0-0: Called Strike 0-1: Called Strike 0-2: Foul Ball, location: 2F 0-2: Foul Ball, location: 2F 0-2: Ball 1-2: Strikes out swinging
|
Batting: RHB Carlos García
|
0-0: Ball 1-0: Called Strike 1-1: Ball 2-1: Called Strike 2-2: Strikes out swinging
|
Top of the 5th over - 0 run(s), 0 hit(s), 0 error(s), 0 left on base; Birmingham 2 - Baffin Island 3 |
BOTTOM OF THE 5TH |
Baffin Island Beavers batting - Pitching for Birmingham Steeldogs : RHP Mark Anderson
|
Batting: SHB Alonso Ferreira
|
0-0: Ball 1-0: Called Strike 1-1: Swinging Strike 1-2: Ground out 4-3 (Groundball, 4M)
|
Batting: RHB Raúl Soto
|
0-0: Called Strike 0-1: Foul Ball, location: 2F 0-2: Ball 1-2: Strikes out looking
|
Batting: RHB Tony Morton
|
0-0: DOUBLE (Flyball, 89XD)
|
Batting: LHB Lorenzo Villa
|
0-0: SINGLE (Groundball, 34D) Tony Morton to third Runner from 3rd tries for Home, SAFE, no throw
|
Pitching: RHP Ken Lyons
|
|
Batting: RHB Dave Craig
|
0-0: Ball 1-0: Fly out, F8 (Flyball, 8RS)
|
Bottom of the 5th over - 1 run(s), 2 hit(s), 0 error(s), 1 left on base; Birmingham 2 - Baffin Island 4 |
TOP OF THE 6TH |
Birmingham Steeldogs batting - Pitching for Baffin Island Beavers : RHP Jesse Little
|
Pitching: RHP Luis Féliz
|
|
Batting: RHB Valentín Borges
|
0-0: Fly out, F6 (Line Drive, 6M)
|
Batting: LHB José Hernández
|
0-0: Foul Ball, location: 2F 0-1: Ball 1-1: Ball 2-1: Foul Ball, location: 2F 2-2: Strikes out looking
|
Batting: RHB Sixto Vélez
|
0-0: Swinging Strike 0-1: Swinging Strike 0-2: Ball 1-2: Strikes out swinging
|
Top of the 6th over - 0 run(s), 0 hit(s), 0 error(s), 0 left on base; Birmingham 2 - Baffin Island 4 |
BOTTOM OF THE 6TH |
Baffin Island Beavers batting - Pitching for Birmingham Steeldogs : RHP Ken Lyons
|
Batting: LHB Norberto Muñóz
|
0-0: Ball 1-0: Foul Ball, location: 2F 1-1: Called Strike 1-2: Ground out U3 (Groundball, 3)
|
Batting: RHB Mario López
|
0-0: Called Strike 0-1: Foul Ball, location: 2F 0-2: Fly out, F9 (Flyball, 9LMF)
|
Batting: LHB Mike MacFadden
|
0-0: Foul Ball, location: 2F 0-1: Ground out 1-3 (Groundball, P)
|
Bottom of the 6th over - 0 run(s), 0 hit(s), 0 error(s), 0 left on base; Birmingham 2 - Baffin Island 4 |
TOP OF THE 7TH |
Birmingham Steeldogs batting - Pitching for Baffin Island Beavers : RHP Luis Féliz
|
Batting: LHB José Martínez
|
0-0: Ball 1-0: Ball 2-0: Called Strike 2-1: Called Strike 2-2: Ground out 1-3 (Groundball, 13S)
|
Batting: LHB José Rivera
|
0-0: Ground out 4-3 (Groundball, 4D)
|
Batting: LHB John Haney
|
0-0: Called Strike 0-1: Ground out 1-3 (Groundball, 15S)
|
Top of the 7th over - 0 run(s), 0 hit(s), 0 error(s), 0 left on base; Birmingham 2 - Baffin Island 4 |
BOTTOM OF THE 7TH |
Baffin Island Beavers batting - Pitching for Birmingham Steeldogs : RHP Ken Lyons
|
Batting: LHB Chris Bates
|
0-0: Foul Ball, location: 2F 0-1: Ball 1-1: DOUBLE (Line Drive, 78S)
|
Batting: SHB Alonso Ferreira
|
0-0: Intentional Walk
|
Batting: RHB Raúl Soto
|
0-0: Ball 1-0: Foul Ball, location: 2F 1-1: Called Strike 1-2: DOUBLE (Groundball, 5L) Chris Bates scores Alonso Ferreira to third
|
Batting: RHB Tony Morton
|
0-0: Called Strike 0-1: Called Strike 0-2: Ball 1-2: Foul Ball, location: 2F 1-2: Foul Ball, location: 2F 1-2: Ball 2-2: Ball 3-2: SINGLE (Line Drive, 89S) Alonso Ferreira scores Raúl Soto to third Runner from 3rd tries for Home, SAFE, no throw
|
Pitching: RHP Rick Grant
|
|
Batting: LHB Lorenzo Villa
|
0-0: Ball 1-0: Called Strike Tony Morton steals 2nd base 1-1: Fly out, F7 (Line Drive, 7)
|
Batting: RHB Dave Craig
|
0-0: Foul Ball, location: 2F 0-1: Foul Ball, location: 2F 0-2: Foul Ball, location: 2F 0-2: DOUBLE (Flyball, 78M) Tony Morton scores
|
Batting: LHB Norberto Muñóz
|
0-0: Ball 1-0: Fly out, F3 (Popup, 3L)
|
Batting: RHB Mario López
|
0-0: Ball 1-0: Called Strike 1-1: Ground out 6-3 (Groundball, 6)
|
Bottom of the 7th over - 4 run(s), 4 hit(s), 0 error(s), 1 left on base; Birmingham 2 - Baffin Island 8 |
TOP OF THE 8TH |
Birmingham Steeldogs batting - Pitching for Baffin Island Beavers : RHP Luis Féliz
|
Batting: RHB Nick Webb
|
0-0: Ball 1-0: Ground out 4-3 (Groundball, 4)
|
Batting: LHB Ashley Pickhills
|
0-0: Called Strike 0-1: Ball 1-1: Called Strike 1-2: Ball 2-2: Strikes out looking
|
Batting: RHB Carlos García
|
0-0: Called Strike 0-1: SINGLE (Line Drive, 89S)
|
Batting: RHB Valentín Borges
|
0-0: SINGLE (Groundball, 56S) (infield hit) Carlos García to second
|
Batting: LHB José Hernández
|
0-0: Called Strike 0-1: Ball 1-1: DOUBLE (Flyball, 8LXD) Carlos García scores Valentín Borges to third
|
Pitching: RHP Junior Mateo
|
|
Batting: RHB Sixto Vélez
|
0-0: Called Strike 0-1: Ball 1-1: Swinging Strike 1-2: Ball 2-2: Ball 3-2: Base on Balls
|
Batting: LHB José Martínez
|
0-0: Called Strike 0-1: Ball 1-1: Foul Ball, location: 2F 1-2: Strikes out swinging
|
Top of the 8th over - 1 run(s), 3 hit(s), 0 error(s), 3 left on base; Birmingham 3 - Baffin Island 8 |
BOTTOM OF THE 8TH |
Baffin Island Beavers batting - Pitching for Birmingham Steeldogs : RHP Rick Grant
|
Batting: LHB Mike MacFadden
|
0-0: Ball 1-0: Ball 2-0: Swinging Strike 2-1: Ground out 4-3 (Groundball, 4D)
|
Batting: LHB Chris Bates
|
0-0: Ball 1-0: Called Strike 1-1: Ball 2-1: Called Strike 2-2: Strikes out swinging
|
Batting: SHB Alonso Ferreira
|
0-0: Called Strike 0-1: SINGLE (Groundball, 4MD)
|
Batting: RHB Raúl Soto
|
0-0: Fielders Choice at 2nd, 6-4 (Groundball, 6)
|
Bottom of the 8th over - 0 run(s), 1 hit(s), 0 error(s), 0 left on base; Birmingham 3 - Baffin Island 8 |
TOP OF THE 9TH |
Birmingham Steeldogs batting - Pitching for Baffin Island Beavers : RHP Junior Mateo
|
Batting: LHB José Rivera
|
0-0: Called Strike 0-1: Swinging Strike 0-2: Foul Ball, location: 2F 0-2: Ball 1-2: Foul Ball, location: 2F 1-2: Strikes out swinging
|
Batting: LHB John Haney
|
0-0: Called Strike 0-1: Ball 1-1: Ground out 3-1 (Groundball, 34S)
|
Batting: RHB Nick Webb
|
0-0: Ground out 6-3 (Groundball, 6)
|
Top of the 9th over - 0 run(s), 0 hit(s), 0 error(s), 0 left on base; Birmingham 3 - Baffin Island 8 |
|